 Dungeon Crawl Stone Soup version 0.30.0-15-g856e2d3f33 (webtiles) character file.

Game seed: 207052516081425572

317647 qw the Warrior (level 21, -6/146 HPs)
             Began as a Gargoyle Cinder Acolyte on May 18, 2023.
             Was a High Priest of Okawaru.
             Mangled by a vault guard
             ... wielding a +0 bardiche
              (10 damage)
             ... on level 5 of the Vaults.
             The game lasted 00:26:13 (43334 turns).

qw the Warrior (Gargoyle Cinder Acolyte)           Turns: 43334, Time: 00:26:14

Health: -6/146     AC: 53    Str: 32      XL:     21   Next: 80%
Magic:  23/28      EV: 17    Int: 15      God:    Okawaru [*****.]
Gold:   2301       SH: 22    Dex:  9 (10) Spells: 22/22 levels left

rFire   . . .        D - +2 broad axe (spect)
rCold   + + .        t - +2 kite shield {rC+}
rNeg    + . .        F - +2 plate armour {Will+}
rPois   inf          B - +0 helmet of Myitec {Drain rC+ rCorr}
rElec   +            e - +2 cloak
rCorr   +            d - +2 pair of gloves
SInv    .            c - +2 pair of boots
Will    ++...        i - amulet of reflection Stlth
                     q - +5 ring of evasion
HPRegen 0.44/turn    s - +6 ring of dexterity
MPRegen 0.21/turn

%: reflection
@: about to teleport, heroic, finesse-ful, marked, flying
A: sickness immunity, AC +16, big wings, negative energy resistance 1,
electricity resistance, torment resistance 1, petrification resistance,
deterioration 1, strong 1
}: 1/15 runes: serpentine
a: Renounce Religion, Heroism, Finesse, Duel


You were on level 5 of the Vaults.
You worshipped Okawaru.
Okawaru was extremely pleased with you.
You visited 7 branches of the dungeon, and saw 35 of its levels.
You also visited: Sewer and Gauntlet.

You collected 4820 gold pieces.
You spent 2519 gold pieces at shops.


Innate Abilities, Weirdness & Mutations

You are immune to sickness and miasma.
Your stone body is resilient. (AC +16)
You are immune to poison.
Your large and strong wings let you fly.
You resist negative energy. (rN+)
You are resistant to electric shocks. (rElec)
You are resistant to unholy torment.
You are immune to petrification.
Your body sometimes deteriorates upon taking damage.
Your muscles are strong. (Str +4, Int/Dex -1)


   Skills:
 - Level 20.0(25.0) Fighting
 - Level 18.0(23.0) Axes
 - Level 11.0(16.0) Throwing
 + Level 19.6(24.6) Armour
 - Level 6.1(11.1) Dodging
 - Level 17.4(22.4) Shields
 - Level 1.0 Spellcasting
 - Level 3.0 Fire Magic
 - Level 10.0 Invocations


You had 22 spell levels left.
You didn't know any spells.
Your spell library contained the following spells:

 Spells                   Type           Power      Damage    Failure   Level
 Scorch                   Fire           18%        2d6       34%         2

Inventory:

Hand Weapons
 D - a +2 spectral broad axe (weapon)
Missiles
 A - 29 boomerangs
 C - a javelin (quivered)
Armour
 c - a +2 pair of boots (worn)
 d - a +2 pair of gloves (worn)
 e - a +2 cloak (worn)
 o - a +2 helmet
 t - a +2 kite shield of cold resistance (worn)
 B - the +0 helmet of Myitec (worn) {Drain rC+ rCorr}
   (Okawaru gifted it to you on level 2 of the Orcish Mines)

   rC:        It protects you from cold.
   rCorr:     It protects you from acid and corrosion.
   Drain:     It drains your maximum health when unequipped.
 F - a +2 plate armour of willpower (worn)
Jewellery
 f - the ring "Veor" {rF+ rC+ Will+ Str-5 Int+3}
   (You found it on level 13 of the Dungeon)

   [ring of protection from fire]

   Str:       It affects your strength (-5).
   Int:       It affects your intelligence (+3).
   rF:        It protects you from fire.
   rC:        It protects you from cold.
   Will:      It increases your willpower.
 g - a +4 ring of protection
 i - an amulet of reflection (around neck)
 j - a ring of protection from fire
 q - a +5 ring of evasion (left hand)
 s - a +6 ring of dexterity (right hand)
 w - a ring of protection from fire
Wands
 p - a wand of digging (20)
Scrolls
 a - 6 scrolls of teleportation
 h - 14 scrolls of identify
Potions
 b - 7 potions of cancellation
 k - 6 potions of mutation
 l - 6 potions of might
 m - 6 potions of haste
 n - 20 potions of curing
 r - 4 potions of resistance
 v - a potion of heal wounds
 z - 4 potions of magic

Dungeon Overview and Level Annotations

Branches:
Dungeon (15/15)            Temple (1/1) D:5            Lair (5/5) D:8
 Shoals (3/4) Lair:2        Snake (4/4) Lair:3        Slime (0/5) Lair:4
    Orc (2/2) D:11            Elf (0/3) Orc:2        Vaults (5/5) D:14
  Crypt (0/3) Vaults:3     Depths (0/4) D:15          Sewer (visited)
Gauntlet (visited)

Altars:
Ashenzari
Cheibriados
Dithmenos
Elyvilon
Fedhas
Gozag
Hepliaklqana
Kikubaaqudgha
Makhleb
Nemelex Xobeh
Okawaru
Qazlal
Ru
Sif Muna
Trog
Uskayaw
Vehumet
Wu Jian
Xom
Yredelemnul
Zin
The Shining One
Jiyva

Shops:
D:3 ?   D:6 :   D:8 (:   Orc:2 :!*?   Snake:3 [*[

Portals:
Trove: D:13 (give horn of Geryon)

Annotations:
D:15 1 runed translucent door, qw's ghost, journeyman GrCA
Shoals:3 2 transporters


Message History

The ironbound convoker gestures at the vault guard while chanting.
The vault guard seems to grow stronger.
The vault warden hits you but does no damage.
You slice the ettin!!
The ettin is moderately wounded.
You slice the deep elf demonologist!!
Your +2 spectral broad axe misses the deep elf demonologist.
The deep elf demonologist gestures wildly while chanting.
The ettin completely misses you. The ettin barely misses you.
You block the vault warden's attack.
You cut the ettin into ribbons!!!
The ettin is almost dead.
You hit the deep elf demonologist.
Your +2 spectral broad axe hits the deep elf demonologist!!
Your +2 spectral broad axe hits the soul eater!
You slice the ettin!!
You kill the ettin!
Okawaru accepts your kill.
You slice the deep elf demonologist!!
You kill the deep elf demonologist!
Okawaru accepts your kill.
The soul eater disappears in a puff of smoke!
The red devil disappears in a puff of smoke!
Your +2 spectral broad axe disappears.
You are too injured to fight recklessly!
Found a scroll of noise, a wand of paralysis (5), 45 gold pieces and a helmet.
An orc priest comes into view. It is wielding a +3 whip.
You block the vault warden's attack. The shadow dragon bites you!!
The shadow dragon claws you!
Your body deteriorates!
You feel clumsy. You block the shadow dragon's attack.
Things that are here:
a +0 dire flail; a +0 dire flail; an ettin corpse
43334 ||| READING 7 scrolls of teleportation.
As you read the scroll of teleportation, it crumbles to dust.
You feel strangely unstable.
An orc comes into view. It is wielding a +0 short sword.
The phantasmal warrior hits you but does no damage.
The vault guard hits you from afar with a +0 bardiche!
You die... #... ........ ...
C. . ......###.## .po

...#.....##[:!##opc.
.....#...#.$/))#HD
...#...#....D..Dp
.....#...#$/p.p#
...#....)##WpD#
.........###@###...
.........))%)¤¤.....
..#...[....#.......
.......)...¤........
...#.#.....#.#...!.#
^...................
...#.#.#..#.#.#..#.#
....................
. ##############


You could see 2 shadow dragons, 2 storm dragons, a sphinx, 2 vault wardens, a
yaktaur captain, 2 vault guards, an ettin, a phantasmal warrior, 2 ironbound
convokers, an orc warrior and an orc.

Vanquished Creatures
  A dread lich (Vaults:5)
  Vashnia (Snake:4)
  Saint Roka (Vaults:3)
  Nikola (Snake:2)
  A golden dragon (Vaults:5)
  Zenata (Vaults:4)
  A tentacled monstrosity (Vaults:5)
  Polyphemus (Shoals:2)
  A titan (Vaults:5)
  Frances (Shoals:2)
  Gastronok (Lair:1)
  2 shadow dragons (Vaults:5)
  3 sphinxes
  Kirke (D:12)
  3 tengu reavers (Vaults:5)
  Roxanne (Snake:2)
  3 storm dragons (Vaults:5)
  Donald (Vaults:1)
  A frost giant (Vaults:1)
  A fire giant (Vaults:5)
  3 nagarajas
  Ilsuiw (Shoals:2)
  A deep elf sorcerer (Vaults:4)
  15 vault wardens
  13 ironbound preservers
  4 war gargoyles
  8 ironbound thunderhulks
  14 very ugly things
  An orc warlord (Vaults:2)
  3 stone giants
  A deep elf demonologist (Vaults:5)
  A deep elf annihilator (Vaults:5)
  A minotaur (Gauntlet)
  14 dire elephants
  3 ettins
  Josephine (Lair:5)
  26 vault guards
  4 merfolk javelineers
  3 merfolk impalers
  7 yaktaur captains
  4 entropy weavers
  5 great orbs of eyes
  Erolcha (Orc:2)
  5 hydras
  3 ogre magi
  3 peacekeepers
  A merfolk avatar (Lair:5)
  A merfolk aquamancer (Shoals:1)
  8 anacondas
  A satyr (Shoals:3)
  23 centaur warriors
  3 death knights
  3 salamander tyrants (Snake:4)
  7 ironbound frosthearts
  3 catoblepae
  13 two-headed ogres
  5 death yaks
  An alligator snapping turtle (Shoals:3)
  10 naga warriors
  4 boulder beetles
  2 thrashing horrors (Gauntlet)
  13 naga sharpshooters
  5 shock serpents
  2 fire crabs (Lair:4)
  A deep elf knight (D:14)
  6 salamander mystics
  9 skeletal warriors
  11 sea snakes
  10 skysharks
  40 deep trolls
  A death drake (shapeshifter) (Vaults:4)
  2 glowing orange brains
  19 ironbound convokers
  8 wizards
  14 harpies
  11 lindwurms
  4 naga ritualists
  5 orc knights
  5 mana vipers
  A necromancer (Vaults:2)
  4 phantasmal warriors
  3 deep elf pyromancers
  3 deep elf zephyrmancers (D:14)
  45 ugly things
  An oklob plant (Shoals:1)
  An orc sorcerer (Vaults:3)
  A wolf spider (D:15)
  12 fauns
  A cyclops (shapeshifter) (Vaults:5)
  A human zombie (Vaults:2)
  12 manticores
  10 cyclopes
  8 salamanders
  9 merfolk sirens
  19 vault sentinels
  4 guardian serpents (Snake:4)
  11 elephants (Lair:3)
  5 gargoyles
  2 torpor snails (Lair:4)
  14 black mambas
  9 water nymphs
  9 naga magi
  7 cane toads
  39 yaktaurs
  7 rime drakes
  A freezing wraith (D:14)
  A kobold demonologist (D:14)
  10 komodo dragons
  5 unseen horrors
  13 trolls
  3 wind drakes
  A tarantella (Vaults:4)
  2 hornets (Lair:5)
  2 polar bears (Lair:5)
  29 merfolk
  A dream sheep (Lair:4)
  7 blink frogs
  11 snapping turtles
  42 slime creatures
  A jumping spider (Vaults:3)
  7 water elementals
  8 wraiths
  3 wyverns
  A ynoxinul (Gauntlet)
  An elf zombie (Vaults:2)
  5 hogs (D:12)
  5 basilisks
  41 yaks
  3 steam dragons
  17 fire elementals
  4 redbacks
  A yaktaur simulacrum (Vaults:2)
  A chaos spawn (Gauntlet)
  A neqoxec (Gauntlet)
  4 wargs
  Menkaure (D:6)
  18 nagas
  14 water moccasins
  3 small abominations (Gauntlet)
  An acid dragon (D:10)
  2 floating eyes (shapeshifter)
  A sky beast (D:8)
  4 ice beasts
  17 orc warriors
  4 centaurs
  27 ogres
  6 wolves
  A human skeleton (Vaults:2)
  A phantom (D:4)
  4 kobold brigands
  9 bullfrogs
  3 scorpions
  A glowing shapeshifter simulacrum (Vaults:2)
  17 wights
  8 killer bees
  14 electric eels
  5 howler monkeys
  6 jellies
  7 orc priests
  A gnoll bouda (D:4)
  4 iron imps (Gauntlet)
  3 iguanas
  23 orc wizards
  A sleepcap (D:5)
  14 gnolls
  18 adders
  4 white imps
  2 ufetubi
  12 dart slugs
  64 orcs
  6 endoplasms
  9 giant cockroaches
  6 goblins
  3 hobgoblins
  4 jackals
  4 quokkas
  12 ball pythons
  4 bats
  12 frilled lizards
  10 kobolds
  6 rats
  A spectral orc (D:13)
  2 spectral weapons (Snake:2)
1291 creatures vanquished.

Vanquished Creatures (others)
  Asterion (Snake:2)
  A naga sharpshooter (Snake:3)
  An orc wizard (Orc:2)
  44 spectral weapons
47 creatures vanquished.

Grand Total: 1338 creatures vanquished

Notes
Turn   | Place    | Note
-------+----------+-------------------------------------------
     0 | D:1      | qw the Gargoyle Cinder Acolyte began the quest for the Orb.
     0 | D:1      | Reached XP level 1. HP: 14/14 MP: 2/2
     0 | D:1      | 0 ||| qw: Version: 0.2-a-95-g67ede09
     0 | D:1      | 0 ||| qw: Game counter: 198
     0 | D:1      | 0 ||| qw: Always use a shield: true
     0 | D:1      | 0 ||| qw: God list: Okawaru
     0 | D:1      | 0 ||| qw: Allow faded altars: false
     0 | D:1      | 0 ||| qw: Do Orc after D:15 true
     0 | D:1      | 0 ||| qw: Do second Lair branch before Depths: true
     0 | D:1      | 0 ||| qw: Lair rune preference: random
     0 | D:1      | 0 ||| qw: Plans: Normal
     0 | D:1      | 0 ||| PLANNING D:1-11
    68 | D:1      | 68 ||| Stepping ~*~*~tactically~*~*~ (hiding).
    78 | D:1      | Reached skill level 3 in Axes
   120 | D:1      | Reached XP level 2. HP: 19/19 MP: 3/3
   649 | D:1      | 649 ||| Stepping ~*~*~tactically~*~*~ (hiding).
   651 | D:1      | 651 ||| Stepping ~*~*~tactically~*~*~ (hiding).
   652 | D:1      | 652 ||| Stepping ~*~*~tactically~*~*~ (hiding).
   653 | D:1      | 653 ||| Stepping ~*~*~tactically~*~*~ (hiding).
   654 | D:1      | 654 ||| Stepping ~*~*~tactically~*~*~ (hiding).
   658 | D:1      | 658 ||| Stepping ~*~*~tactically~*~*~ (hiding).
  1192 | D:1      | 1192 ||| UPGRADING to +0 ring mail.
  1202 | D:1      | 1202 ||| DROPPING +0 robe.
  1203 | D:1      | 1203 ||| UPGRADING to +0 cloak.
  1208 | D:1      | 1208 ||| UPGRADING to +0 chain mail.
  1218 | D:1      | 1218 ||| DROPPING +0 ring mail.
  1219 | D:1      | 1219 ||| READING 2 scrolls labelled YCHUOG NYMEM.
  1220 | D:1      | 1220 ||| READING scroll of enchant armour.
  1220 | D:1      | 1220 ||| ENCHANTING +0 cloak.
  1221 | D:1      | 1221 ||| READING scroll labelled VICHAO KIFRO.
  1224 | D:1      | 1224 ||| READING scroll labelled CAETIP ZACLIQABE.
  1225 | D:1      | 1225 ||| DRINKING 2 silvery potions.
  1285 | D:2      | 1285 ||| Stepping ~*~*~tactically~*~*~ (hiding).
  1438 | D:2      | Reached skill level 1 in Armour
  1438 | D:2      | Reached XP level 3. HP: 23/23 MP: 4/4
  1450 | D:2      | Found a white marble altar of Elyvilon.
  1879 | D:2      | 1879 ||| Stepping ~*~*~tactically~*~*~ (stealth).
  2155 | D:2      | 2155 ||| UPGRADING to +0 pair of gloves.
  2160 | D:2      | 2160 ||| UPGRADING to +0 pair of boots.
  2165 | D:2      | 2165 ||| DROPPING orb of mayhem.
  2166 | D:2      | 2166 ||| READING scroll labelled LEPIVOK UH TOO.
  2167 | D:2      | 2167 ||| READING scroll labelled KUOSKI SOGUY.
  2168 | D:2      | 2168 ||| READING scroll labelled DUGOMU BEEGOLU.
  2169 | D:2      | 2169 ||| READING scroll labelled OSCHE MATELUYS.
  2269 | D:3      | Reached XP level 4. HP: 24/28 MP: 5/5
  2497 | D:3      | 2497 ||| Stepping ~*~*~tactically~*~*~ (stealth).
  2557 | D:3      | 2557 ||| Stepping ~*~*~tactically~*~*~ (stealth).
  2561 | D:3      | 2561 ||| Stepping ~*~*~tactically~*~*~ (stealth).
  2639 | D:3      | 2639 ||| Stepping ~*~*~tactically~*~*~ (hiding).
  2783 | D:3      | Found Efuufudu's Magic Scroll Boutique.
  2796 | D:3      | 2796 ||| BUYING scroll of enchant armour (97 gold).
  2796 | D:3      | Bought a scroll of enchant armour for 97 gold pieces
  2796 | D:3      | 2796 ||| BUYING scroll of identify (26 gold).
  2796 | D:3      | Bought a scroll of identify for 26 gold pieces
  2796 | D:3      | 2796 ||| BUYING scroll of identify (26 gold).
  2796 | D:3      | Bought a scroll of identify for 26 gold pieces
  2796 | D:3      | 2796 ||| SHOPLISTING scroll of teleportation (39 gold, have
                  | 23).
  2796 | D:3      | 2796 ||| READING scroll of enchant armour.
  2796 | D:3      | 2796 ||| ENCHANTING +0 pair of gloves.
  2831 | D:3      | Found a faded altar of an unknown god.
  3166 | D:3      | Reached XP level 5. HP: 31/32 MP: 6/6
  3268 | D:3      | 3268 ||| READING scroll labelled KIONUR NUGUXT.
  3269 | D:3      | 3269 ||| READING scroll labelled LEUPTA OMMIMUE.
  3270 | D:3      | 3270 ||| DRINKING 3 amethyst potions.
  3271 | D:3      | 3271 ||| READING 3 scrolls of identify.
  3271 | D:3      | 3271 ||| IDENTIFYING sapphire potion
  3272 | D:3      | 3272 ||| READING 2 scrolls of identify.
  3272 | D:3      | 3272 ||| IDENTIFYING golden potion
  3273 | D:3      | 3273 ||| DROPPING potion of magic.
  3274 | D:3      | 3274 ||| DROPPING potion of brilliance.
  3302 | D:4      | 3302 ||| Stepping ~*~*~tactically~*~*~ (stealth).
  3389 | D:4      | 3389 ||| Stepping ~*~*~tactically~*~*~ (hiding).
  3394 | D:4      | 3394 ||| INVOKING Fiery Armour.
  3474 | D:4      | Reached skill level 3 in Armour
  3474 | D:4      | Reached XP level 6. HP: 32/37 MP: 7/7
  3508 | D:4      | Reached skill level 4 in Fighting
  3558 | D:4      | 3558 ||| INVOKING Fiery Armour.
  3712 | D:4      | 3712 ||| SWAPPING to +1 heavy hand axe.
  3721 | D:4      | 3721 ||| INVOKING Fiery Armour.
  3732 | D:4      | Reached XP level 7. HP: 35/43 MP: 8/8
  4003 | D:4      | Found a stormy altar of Qazlal.
  4137 | D:4      | 4137 ||| DROPPING +6 ring of intelligence.
  4138 | D:4      | 4138 ||| READING scroll labelled YRIFELIYLU.
  4139 | D:4      | 4139 ||| DRINKING 2 lumpy inky potions.
  4140 | D:4      | 4140 ||| DRINKING 2 potions of curing.
  4140 | D:4      | 4140 ||| (to cure confusion)
  4141 | D:4      | 4141 ||| READING 3 scrolls of identify.
  4141 | D:4      | 4141 ||| IDENTIFYING black potion
  4142 | D:4      | 4142 ||| READING 2 scrolls of identify.
  4142 | D:4      | 4142 ||| IDENTIFYING grey potion
  4143 | D:4      | 4143 ||| DROPPING potion of ambrosia.
  4144 | D:4      | 4144 ||| DROPPING potion of attraction.
  4171 | D:5      | Entered Level 5 of the Dungeon
  4173 | D:5      | 4173 ||| Stepping ~*~*~tactically~*~*~ (stealth).
  4189 | D:5      | Reached skill level 6 in Axes
  4284 | D:5      | 4284 ||| Stepping ~*~*~tactically~*~*~ (stealth).
  4471 | D:5      | Found a staircase to the Ecumenical Temple.
  4543 | D:5      | 4543 ||| Stepping ~*~*~tactically~*~*~ (hiding).
  4880 | D:5      | 4880 ||| UPGRADING to amulet of reflection.
  4885 | D:5      | 4885 ||| READING 2 scrolls of identify.
  4885 | D:5      | 4885 ||| IDENTIFYING fuming emerald potion
  4886 | D:5      | 4886 ||| DROPPING potion of lignification.
  4901 | D:6      | 4901 ||| PLANNING SEWER
  4925 | D:6      | 4925 ||| Stepping ~*~*~tactically~*~*~ (hiding).
  4928 | D:6      | 4928 ||| Stepping ~*~*~tactically~*~*~ (hiding).
  4935 | D:6      | 4935 ||| Stepping ~*~*~tactically~*~*~ (hiding).
  4945 | D:6      | 4945 ||| INVOKING Fiery Armour.
  4950 | D:6      | Reached skill level 5 in Fighting
  4953 | D:6      | Reached XP level 8. HP: 29/49 MP: 9/9
  5123 | D:6      | Identified the +1 sling of Gearin {drain, rPois Will+ rCorr
                  | Str+3}
  5125 | D:6      | 5125 ||| DROPPING ring of flight.
  5194 | D:6      | 5194 ||| Stepping ~*~*~tactically~*~*~ (stealth).
  5236 | D:6      | 5236 ||| Stepping ~*~*~tactically~*~*~ (hiding).
  5237 | D:6      | 5237 ||| Stepping ~*~*~tactically~*~*~ (hiding).
  5351 | D:6      | Found a glowing drain.
  5352 | D:6      | 5352 ||| READING scroll labelled EKUTAQAFRE.
  5387 | D:6      | 5387 ||| READING 3 scrolls of identify.
  5387 | D:6      | 5387 ||| IDENTIFYING coppery potion
  5388 | D:6      | 5388 ||| DROPPING potion of invisibility.
  5409 | Sewer    | Entered a sewer
  5667 | Sewer    | 5667 ||| READING 2 scrolls labelled JOTHRE UFYDERPH.
  5668 | Sewer    | 5668 ||| READING scroll labelled JOSU ZEBRE.
  5669 | Sewer    | 5669 ||| DRINKING 2 cyan potions.
  5670 | Sewer    | 5670 ||| READING 3 scrolls of identify.
  5670 | Sewer    | 5670 ||| IDENTIFYING fizzy cyan potion
  5671 | Sewer    | 5671 ||| DROPPING scroll of amnesia.
  5675 | D:6      | 5675 ||| PLANNING D:1-11
  5764 | D:6      | Noticed Menkaure
  5765 | D:6      | 5765 ||| Stepping ~*~*~tactically~*~*~ (hiding).
  5772 | D:6      | Killed Menkaure
  5917 | D:6      | 5917 ||| Stepping ~*~*~tactically~*~*~ (hiding).
  5926 | D:6      | 5926 ||| Stepping ~*~*~tactically~*~*~ (stealth).
  6001 | D:6      | 6001 ||| READING scroll of enchant weapon.
  6001 | D:6      | 6001 ||| ENCHANTING +1 heavy hand axe.
  6026 | D:6      | Found Ytrittod's Book Shoppe.
  6029 | D:6      | 6029 ||| SWAPPING to +0 war axe.
  6030 | D:6      | 6030 ||| DROPPING +2 heavy hand axe.
  6154 | D:6      | 6154 ||| UPGRADING to +1 pair of boots.
  6164 | D:6      | 6164 ||| DROPPING +0 pair of boots.
  6304 | D:7      | 6304 ||| READING scroll of enchant weapon.
  6304 | D:7      | 6304 ||| ENCHANTING +0 war axe.
  6437 | D:7      | Reached skill level 6 in Fighting
  6549 | D:7      | Killed an unseen horror
  6550 | D:7      | Reached XP level 9. HP: 43/55 MP: 10/10
  6759 | D:7      | Reached skill level 9 in Axes
  6825 | D:7      | Found a bloodstained altar of Trog.
  6825 | D:7      | Found a shimmering blue altar of Sif Muna.
  6825 | D:7      | Found a sacrificial altar of Ru.
  6865 | D:7      | Found a glowing golden altar of the Shining One.
  6865 | D:7      | Found a blossoming altar of Fedhas.
  6866 | D:7      | Found a hazy altar of Hepliaklqana.
  6885 | D:7      | 6885 ||| READING scroll of enchant armour.
  6885 | D:7      | 6885 ||| ENCHANTING +1 pair of gloves.
  7037 | D:7      | Reached skill level 7 in Fighting
  7359 | D:7      | 7359 ||| READING 2 scrolls of identify.
  7359 | D:7      | 7359 ||| IDENTIFYING fizzy orange potion
  7360 | D:7      | 7360 ||| DROPPING potion of degeneration.
  7606 | D:8      | Reached skill level 1 in Dodging
  7638 | D:8      | Found Purumy's Firing Range.
  7687 | D:8      | Found Irghaej's Book Shop.
  7785 | D:8      | 7785 ||| Stepping ~*~*~tactically~*~*~ (stealth).
  7788 | D:8      | 7788 ||| Stepping ~*~*~tactically~*~*~ (stealth).
  7806 | D:8      | Reached skill level 6 in Armour
  7918 | D:8      | Found a staircase to the Lair.
  7950 | D:8      | You fall into a shaft and drop 3 floors!
  7956 | D:11     | 7956 ||| PLANNING GAUNTLET
  8096 | D:11     | Reached skill level 1 in Throwing
  8116 | D:11     | Noticed a troll
  8116 | D:11     | 8116 ||| INVOKING Fiery Armour.
  8129 | D:11     | Killed a troll
  8130 | D:11     | Reached skill level 8 in Fighting
  8130 | D:11     | Reached XP level 10. HP: 38/64 MP: 11/11
  8216 | D:11     | Found a staircase to the Orcish Mines.
  8231 | D:11     | Found a gate leading to a gauntlet.
  8232 | D:11     | 8232 ||| DROPPING +2 ring mail of cold resistance.
  8233 | D:11     | 8233 ||| UPGRADING to +5 ring of evasion.
  8234 | D:11     | 8234 ||| READING scroll labelled IZIADICSEJ.
  8239 | Gauntlet | Entered a Gauntlet
  8239 | Gauntlet | Found a transporter.
  8239 | Gauntlet | Found a transporter.
  8240 | Gauntlet | Found a transporter.
  8240 | Gauntlet | Found a transporter.
  8243 | Gauntlet | Found a transporter.
  8243 | Gauntlet | Found a transporter.
  8245 | Gauntlet | Found a large runed translucent door.
  8246 | Gauntlet | Found a large runed translucent door.
  8247 | Gauntlet | Found a large runed translucent door.
  8247 | Gauntlet | Found a large runed translucent door.
  8247 | Gauntlet | Found a runed translucent door.
  8248 | Gauntlet | Found a large runed translucent door.
  8249 | Gauntlet | Found a large runed translucent door.
  8250 | Gauntlet | Found a large runed translucent door.
  8250 | Gauntlet | Found a large runed translucent door.
  8251 | Gauntlet | Found a runed translucent gate.
  8253 | Gauntlet | Found a transporter.
  8257 | Gauntlet | Found a transporter.
  8262 | Gauntlet | Noticed a thrashing horror
  8263 | Gauntlet | Noticed a thrashing horror
  8267 | Gauntlet | Found the +12 pair of quick blades "Gyre" and "Gimble"
                  | {protect}
  8269 | Gauntlet | Found a transporter.
  8362 | Gauntlet | Found a large runed translucent door.
  8363 | Gauntlet | Found a large runed translucent door.
  8364 | Gauntlet | Found a large runed translucent door.
  8364 | Gauntlet | Found a large runed translucent door.
  8364 | Gauntlet | Found a runed translucent door.
  8365 | Gauntlet | Found a large runed translucent door.
  8366 | Gauntlet | Found a large runed translucent door.
  8367 | Gauntlet | Found a large runed translucent door.
  8367 | Gauntlet | Found a large runed translucent door.
  8368 | Gauntlet | Found a runed translucent gate.
  8368 | Gauntlet | Found a runed translucent gate.
  8370 | Gauntlet | Found a transporter.
  8374 | Gauntlet | Found a transporter.
  8384 | Gauntlet | Found a transporter.
  8508 | Gauntlet | 8508 ||| DROPPING amulet of guardian spirit.
  8519 | Gauntlet | Gained mutation: You occasionally lose the ability to drink
                  | potions when taking damage. [a neqoxec]
  8539 | Gauntlet | 8539 ||| DRINKING 4 potions of mutation.
  8539 | Gauntlet | Lost mutation: You occasionally lose the ability to drink
                  | potions when taking damage. [potion of mutation]
  8539 | Gauntlet | Gained mutation: Your muscles are strong. (Str +4, Int/Dex
                  | -1) [potion of mutation]
  8539 | Gauntlet | Gained mutation: Your body sometimes deteriorates upon
                  | taking damage. [potion of mutation]
  8549 | Gauntlet | 8549 ||| READING scroll labelled LAOTRA GOUCS.
  8562 | Gauntlet | 8562 ||| INVOKING Fiery Armour.
  8563 | Gauntlet | HP: 16/64 [thrashing horror (4)]
  8564 | Gauntlet | 8564 ||| DRINKING 3 potions of heal wounds.
  8565 | Gauntlet | Killed a thrashing horror
  8623 | Gauntlet | Killed a thrashing horror
  8624 | Gauntlet | Reached skill level 9 in Fighting
  8762 | Gauntlet | 8762 ||| DROPPING scarf of shadows.
  8770 | Gauntlet | Identified the +1 shortbow "Febap" {drain, rPois Will+
                  | rCorr Dex-2}
  8770 | Gauntlet | Identified the +2 ring mail "Estroefif" {rN+ Str+4 Dex+2}
  8770 | Gauntlet | Noticed a minotaur
  8771 | Gauntlet | 8771 ||| INVOKING Fiery Armour.
  8785 | Gauntlet | HP: 10/66 [minotaur/+0 bardiche (13)]
  8786 | Gauntlet | 8786 ||| DRINKING 2 potions of heal wounds.
  8787 | Gauntlet | Killed a minotaur
  8915 | Gauntlet | 8915 ||| DROPPING +2 ring mail of cold resistance.
  8916 | Gauntlet | 8916 ||| UPGRADING to +2 kite shield of cold resistance.
  8921 | Gauntlet | 8921 ||| DROPPING +0 cloak of stealth.
  8933 | D:11     | 8933 ||| PLANNING LAIR
  8950 | D:11     | 8950 ||| INVOKING Fiery Armour.
  8954 | D:11     | Reached skill level 1 in Shields
  8960 | D:11     | Reached skill level 3 in Shields
  8961 | D:11     | Reached XP level 11. HP: 60/71 MP: 12/12
  9139 | D:11     | 9139 ||| INVOKING Fiery Armour.
  9159 | D:11     | Reached skill level 6 in Shields
  9231 | D:11     | 9231 ||| Stepping ~*~*~tactically~*~*~ (stealth).
  9273 | D:10     | Entered Level 10 of the Dungeon
  9446 | D:9      | Noticed a two-headed ogre
  9453 | D:9      | Killed a two-headed ogre
  9471 | D:9      | 9471 ||| READING scroll of enchant weapon.
  9471 | D:9      | 9471 ||| ENCHANTING +1 war axe of venom.
  9529 | Lair:1   | Entered Level 1 of the Lair of Beasts
  9581 | Lair:1   | 9581 ||| INVOKING Fiery Armour.
  9606 | Lair:1   | Reached skill level 9 in Shields
  9773 | Lair:1   | 9773 ||| INVOKING Fiery Armour.
  9842 | Lair:1   | Noticed Gastronok
  9865 | Lair:1   | Killed Gastronok
 10318 | Lair:1   | 10318 ||| Stepping ~*~*~tactically~*~*~ (stealth).
 10329 | Lair:1   | Reached XP level 12. HP: 75/76 MP: 13/13
 10488 | Lair:1   | 10488 ||| UPGRADING to +6 ring of dexterity.
 10489 | Lair:1   | 10489 ||| DRINKING 2 puce potions.
 10490 | Lair:1   | 10490 ||| READING 2 scrolls of identify.
 10490 | Lair:1   | 10490 ||| IDENTIFYING ruby potion
 10524 | Lair:2   | Found a staircase to the Shoals.
 10546 | Lair:2   | 10546 ||| INVOKING Fiery Armour.
 10706 | Lair:2   | 10706 ||| Stepping ~*~*~tactically~*~*~ (hiding).
 10708 | Lair:2   | 10708 ||| Stepping ~*~*~tactically~*~*~ (hiding).
 10832 | Lair:2   | 10832 ||| Stepping ~*~*~tactically~*~*~ (stealth).
 10954 | Lair:2   | Reached skill level 12 in Axes
 11425 | Lair:3   | Found a staircase to the Snake Pit.
 11425 | Lair:3   | Noticed a six-headed hydra
 11431 | Lair:3   | 11431 ||| SWAPPING to +0 hand axe of flaming.
 11439 | Lair:3   | Killed a one-headed hydra
 11440 | Lair:3   | 11440 ||| SWAPPING to +2 war axe of venom.
 11443 | Lair:3   | Reached skill level 10 in Fighting
 11560 | Lair:3   | 11560 ||| Stepping ~*~*~tactically~*~*~ (stealth).
 11561 | Lair:3   | 11561 ||| Stepping ~*~*~tactically~*~*~ (stealth).
 11562 | Lair:3   | 11562 ||| Stepping ~*~*~tactically~*~*~ (stealth).
 11564 | Lair:3   | 11564 ||| Stepping ~*~*~tactically~*~*~ (stealth).
 12029 | Lair:3   | 12029 ||| Stepping ~*~*~tactically~*~*~ (stealth).
 12086 | Lair:3   | 12086 ||| Stepping ~*~*~tactically~*~*~ (stealth).
 12087 | Lair:3   | 12087 ||| Stepping ~*~*~tactically~*~*~ (stealth).
 12100 | Lair:3   | Reached XP level 13. HP: 75/82 MP: 14/14
 12453 | Lair:3   | 12453 ||| READING scroll labelled VUIRISCH CIUSCH.
 12454 | Lair:3   | 12454 ||| READING 6 scrolls of identify.
 12454 | Lair:3   | 12454 ||| IDENTIFYING emerald potion
 12455 | Lair:3   | 12455 ||| DROPPING potion of flight.
 12473 | Lair:4   | 12473 ||| Stepping ~*~*~tactically~*~*~ (hiding).
 12487 | Lair:4   | 12487 ||| Stepping ~*~*~tactically~*~*~ (stealth).
 12491 | Lair:4   | 12491 ||| Stepping ~*~*~tactically~*~*~ (stealth).
 12492 | Lair:4   | 12492 ||| STAIRDANCE
 12677 | Lair:4   | Reached skill level 3 in Dodging
 12747 | Lair:4   | Reached skill level 11 in Fighting
 13166 | Lair:4   | Reached skill level 9 in Armour
 13369 | Lair:4   | Found a staircase to the Slime Pits.
 13373 | Lair:4   | Found a viscous altar of Jiyva.
 13824 | Lair:5   | Entered Level 5 of the Lair of Beasts
 13990 | Lair:5   | 13990 ||| Stepping ~*~*~tactically~*~*~ (hiding).
 14025 | Lair:5   | Reached skill level 12 in Shields
 14040 | Lair:5   | 14040 ||| SWAPPING to +0 hand axe of flaming.
 14044 | Lair:5   | HP: 14/84 [komodo dragon (16)]
 14044 | Lair:5   | HP: 4/84 [five-headed hydra (10)]
 14045 | Lair:5   | 14045 ||| READING 8 scrolls of teleportation.
 14046 | Lair:5   | 14046 ||| DRINKING 3 potions of heal wounds.
 14047 | Lair:5   | 14047 ||| DRINKING 2 potions of heal wounds.
 14048 | Lair:5   | 14048 ||| SWAPPING to +2 war axe of venom.
 14094 | Lair:5   | HP: 14/84 [snapping turtle (12)]
 14095 | Lair:5   | 14095 ||| READING 7 scrolls of teleportation.
 14096 | Lair:5   | 14096 ||| DRINKING potion of heal wounds.
 14099 | Lair:5   | Noticed a dire elephant
 14107 | Lair:5   | HP: 12/84 [dire elephant (12)]
 14108 | Lair:5   | 14108 ||| READING 6 scrolls of teleportation.
 14113 | Lair:5   | 14113 ||| READING 5 scrolls of teleportation.
 14462 | Lair:5   | Reached skill level 15 in Axes
 14521 | Lair:5   | Killed a dire elephant
 14588 | Lair:5   | Gained mutation: Your large and strong wings let you fly.
                  | [Gargoyle growth]
 14588 | Lair:5   | Reached XP level 14. HP: 79/90 MP: 15/15
 14892 | Lair:5   | Noticed Josephine
 14893 | Lair:5   | 14893 ||| Stepping ~*~*~tactically~*~*~ (hiding).
 14894 | Lair:5   | 14894 ||| Stepping ~*~*~tactically~*~*~ (hiding).
 14907 | Lair:5   | Reached skill level 3 in Throwing
 14910 | Lair:5   | Killed Josephine
 15000 | Lair:5   | 15000 ||| SWAPPING to +0 hand axe of flaming.
 15006 | Lair:5   | 15006 ||| SWAPPING to +2 war axe of venom.
 15055 | Lair:5   | 15055 ||| Stepping ~*~*~tactically~*~*~ (stealth).
 15056 | Lair:5   | 15056 ||| Stepping ~*~*~tactically~*~*~ (stealth).
 15057 | Lair:5   | 15057 ||| Stepping ~*~*~tactically~*~*~ (stealth).
 15111 | Lair:5   | 15111 ||| Stepping ~*~*~tactically~*~*~ (hiding).
 15112 | Lair:5   | 15112 ||| Stepping ~*~*~tactically~*~*~ (hiding).
 15113 | Lair:5   | 15113 ||| Stepping ~*~*~tactically~*~*~ (hiding).
 15220 | Lair:5   | 15220 ||| PLANNING D:1-11
 15464 | D:8      | 15464 ||| PLANNING TEMPLE
 15530 | Temple   | Entered the Ecumenical Temple
 15531 | Temple   | 15531 ||| PLANNING OKAWARU WORSHIP
 15687 | Temple   | Fell from the grace of Ignis
 15687 | Temple   | Became a worshipper of Warmaster Okawaru
 15687 | Temple   | 15687 ||| PLANNING D:1-11
 15780 | D:9      | 15780 ||| Stepping ~*~*~tactically~*~*~ (stealth).
 15784 | D:9      | Reached skill level 12 in Fighting
 15965 | D:9      | 15965 ||| READING scroll of enchant armour.
 15965 | D:9      | 15965 ||| ENCHANTING +1 pair of boots.
 16164 | D:9      | 16164 ||| Stepping ~*~*~tactically~*~*~ (hiding).
 16168 | D:9      | 16168 ||| Stepping ~*~*~tactically~*~*~ (hiding).
 16210 | D:9      | Found an opulent altar of Gozag.
 16210 | D:9      | Found a glowing silver altar of Zin.
 16243 | D:9      | 16243 ||| Stepping ~*~*~tactically~*~*~ (hiding).
 16244 | D:9      | 16244 ||| Stepping ~*~*~tactically~*~*~ (hiding).
 16308 | D:9      | Found a white marble altar of Elyvilon.
 16437 | D:10     | 16437 ||| Stepping ~*~*~tactically~*~*~ (hiding).
 16446 | D:10     | 16446 ||| Stepping randomly (disturbance).
 16612 | D:10     | 16612 ||| Stepping ~*~*~tactically~*~*~ (stealth).
 16705 | D:10     | 16705 ||| Stepping randomly (disturbance).
 16720 | D:10     | Identified the +1 war axe of Spores {flame, Will+ rCorr}
 16722 | D:10     | 16722 ||| SWAPPING to +1 war axe of Spores {flame, Will+
                  | rCorr}.
 16723 | D:10     | 16723 ||| DROPPING +0 hand axe of flaming.
 16806 | D:10     | Found a shadowy altar of Dithmenos.
 17088 | D:11     | Reached * piety under Okawaru
 17115 | D:11     | 17115 ||| READING scroll of enchant armour.
 17115 | D:11     | 17115 ||| ENCHANTING +1 cloak.
 17409 | D:11     | 17409 ||| UPGRADING to +2 helmet.
 17414 | D:11     | 17414 ||| UPGRADING to +0 plate armour.
 17424 | D:11     | 17424 ||| DROPPING +0 chain mail.
 17454 | D:12     | 17454 ||| READING 4 scrolls of teleportation.
 17455 | D:12     | 17455 ||| STAIRDANCE
 17457 | D:11     | 17457 ||| INVOKING Heroism.
 17630 | D:12     | 17630 ||| PLANNING D
 17651 | D:12     | 17651 ||| Stepping ~*~*~tactically~*~*~ (hiding).
 17652 | D:12     | 17652 ||| Stepping ~*~*~tactically~*~*~ (hiding).
 17653 | D:12     | 17653 ||| Stepping ~*~*~tactically~*~*~ (hiding).
 17654 | D:12     | 17654 ||| Stepping ~*~*~tactically~*~*~ (hiding).
 17655 | D:12     | 17655 ||| Stepping ~*~*~tactically~*~*~ (hiding).
 17665 | D:12     | Reached skill level 1 in Invocations
 17843 | D:12     | 17843 ||| Stepping ~*~*~tactically~*~*~ (hiding).
 17844 | D:12     | 17844 ||| Stepping ~*~*~tactically~*~*~ (hiding).
 17845 | D:12     | 17845 ||| Stepping ~*~*~tactically~*~*~ (hiding).
 17846 | D:12     | 17846 ||| Stepping ~*~*~tactically~*~*~ (hiding).
 17933 | D:12     | 17933 ||| Stepping ~*~*~tactically~*~*~ (stealth).
 18080 | D:12     | 18080 ||| Stepping ~*~*~tactically~*~*~ (hiding).
 18081 | D:12     | 18081 ||| Stepping ~*~*~tactically~*~*~ (hiding).
 18082 | D:12     | 18082 ||| Stepping ~*~*~tactically~*~*~ (hiding).
 18084 | D:12     | 18084 ||| Stepping ~*~*~tactically~*~*~ (hiding).
 18102 | D:12     | Noticed Kirke
 18103 | D:12     | 18103 ||| INVOKING Heroism.
 18105 | D:12     | Reached skill level 3 in Invocations
 18122 | D:12     | 18122 ||| Stepping ~*~*~tactically~*~*~ (hiding).
 18126 | D:12     | 18126 ||| DRINKING 3 potions of cancellation.
 18127 | D:12     | 18127 ||| INVOKING Heroism.
 18132 | D:12     | 18132 ||| DRINKING 2 potions of cancellation.
 18135 | D:12     | Killed Kirke
 18135 | D:12     | Reached ** piety under Okawaru
 18319 | D:12     | 18319 ||| DRINKING 8 potions of curing.
 18319 | D:12     | 18319 ||| (to cure confusion)
 18385 | D:12     | 18385 ||| DROPPING amulet of magic regeneration.
 18797 | D:13     | 18797 ||| Stepping ~*~*~tactically~*~*~ (hiding).
 18804 | D:13     | 18804 ||| INVOKING Heroism.
 18836 | D:13     | 18836 ||| INVOKING Heroism.
 18889 | D:13     | 18889 ||| INVOKING Heroism.
 19095 | D:13     | 19095 ||| INVOKING Heroism.
 19114 | D:13     | 19114 ||| INVOKING Heroism.
 19270 | D:13     | You are sucked into a shaft and drop 2 floors!
 19270 | D:15     | Entered Level 15 of the Dungeon
 19271 | D:15     | 19271 ||| DRINKING 7 potions of curing.
 19271 | D:15     | 19271 ||| (to cure confusion)
 19273 | D:15     | 19273 ||| INVOKING Heroism.
 19331 | D:15     | 19331 ||| Stepping ~*~*~tactically~*~*~ (hiding).
 19332 | D:15     | 19332 ||| Stepping ~*~*~tactically~*~*~ (hiding).
 19341 | D:15     | Reached skill level 6 in Throwing
 19525 | D:15     | 19525 ||| Stepping ~*~*~tactically~*~*~ (hiding).
 19526 | D:15     | 19526 ||| Stepping ~*~*~tactically~*~*~ (hiding).
 19542 | D:15     | Reached *** piety under Okawaru
 19555 | D:15     | Reached XP level 15. HP: 89/96 MP: 18/18
 19571 | D:15     | Received a gift from Okawaru
 19592 | D:15     | 19592 ||| DROPPING +1 pair of gloves.
 19594 | D:15     | 19594 ||| INVOKING Heroism.
 19681 | D:13     | Reached **** piety under Okawaru
 19706 | D:13     | 19706 ||| Stepping ~*~*~tactically~*~*~ (hiding).
 19835 | D:13     | Identified the ring "Veor" {rF+ rC+ Will+ Str-5 Int+3}
 19878 | D:13     | Found a portal to a secret trove of treasure.
 19926 | D:13     | 19926 ||| Stepping ~*~*~tactically~*~*~ (hiding).
 19935 | D:13     | Reached skill level 12 in Armour
 20003 | D:13     | 20003 ||| Stepping ~*~*~tactically~*~*~ (hiding).
 20261 | D:13     | Found a hazy altar of Hepliaklqana.
 20437 | D:13     | 20437 ||| DROPPING amulet of regeneration.
 20522 | D:14     | 20522 ||| Stepping ~*~*~tactically~*~*~ (hiding).
 20526 | D:14     | 20526 ||| Stepping ~*~*~tactically~*~*~ (stealth).
 20528 | D:14     | 20528 ||| INVOKING Heroism.
 20562 | D:14     | Received a gift from Okawaru
 20564 | D:14     | 20564 ||| INVOKING Heroism.
 20577 | D:14     | 20577 ||| Stepping ~*~*~tactically~*~*~ (stealth).
 20578 | D:14     | 20578 ||| Stepping ~*~*~tactically~*~*~ (stealth).
 20591 | D:14     | 20591 ||| INVOKING Heroism.
 20615 | D:14     | 20615 ||| INVOKING Heroism.
 20624 | D:14     | 20624 ||| Stepping ~*~*~tactically~*~*~ (hiding).
 20625 | D:14     | 20625 ||| Stepping ~*~*~tactically~*~*~ (hiding).
 20627 | D:14     | 20627 ||| Stepping ~*~*~tactically~*~*~ (hiding).
 20847 | D:14     | Received a gift from Okawaru
 20852 | D:14     | Reached skill level 6 in Invocations
 20919 | D:14     | You are sucked into a shaft and drop 1 floor!
 20919 | D:15     | Was forgiven by Ignis
 21065 | D:14     | Found a gate to the Vaults.
 21476 | D:15     | 21476 ||| STAIRDANCE
 21482 | D:14     | Received a gift from Okawaru
 21601 | D:15     | Found a runed translucent door.
 21602 | D:15     | Noticed qw's ghost (journeyman GrCA)
 21666 | D:15     | 21666 ||| INVOKING Heroism.
 21687 | D:15     | Received a gift from Okawaru
 21700 | D:15     | 21700 ||| INVOKING Heroism.
 21715 | D:15     | 21715 ||| INVOKING Heroism.
 21820 | D:15     | Found a staircase to the Depths.
 22085 | D:15     | 22085 ||| PLANNING ORC
 22208 | Orc:1    | Entered Level 1 of the Orcish Mines
 22237 | Orc:1    | 22237 ||| Stepping ~*~*~tactically~*~*~ (hiding).
 22368 | Orc:1    | 22368 ||| Stepping ~*~*~tactically~*~*~ (stealth).
 22382 | Orc:1    | 22382 ||| INVOKING Heroism.
 22584 | Orc:2    | Entered Level 2 of the Orcish Mines
 22600 | Orc:1    | 22600 ||| Stepping ~*~*~tactically~*~*~ (hiding).
 22730 | Orc:2    | 22730 ||| Stepping ~*~*~tactically~*~*~ (stealth).
 22834 | Orc:2    | 22834 ||| Stepping ~*~*~tactically~*~*~ (hiding).
 23053 | Orc:2    | 23053 ||| Stepping ~*~*~tactically~*~*~ (stealth).
 23053 | Orc:2    | Found Amyeva's Magic Scroll Emporium.
 23054 | Orc:2    | 23054 ||| Stepping ~*~*~tactically~*~*~ (stealth).
 23054 | Orc:2    | Found Xoschual's Distillery.
 23055 | Orc:2    | 23055 ||| Stepping ~*~*~tactically~*~*~ (hiding).
 23062 | Orc:2    | 23062 ||| INVOKING Heroism.
 23078 | Orc:2    | Reached XP level 16. HP: 101/103 MP: 21/21
 23085 | Orc:2    | Reached ***** piety under Okawaru
 23086 | Orc:2    | Reached skill level 13 in Fighting
 23088 | Orc:2    | 23088 ||| INVOKING Heroism.
 23102 | Orc:2    | Identified the +0 helmet of Myitec {Drain rC+ rCorr}
                  | (Okawaru gifted it to you on level 2 of the Orcish Mines)
 23102 | Orc:2    | Received a gift from Okawaru
 23164 | Orc:2    | 23164 ||| Stepping ~*~*~tactically~*~*~ (stealth).
 23165 | Orc:2    | 23165 ||| Stepping ~*~*~tactically~*~*~ (stealth).
 23166 | Orc:2    | 23166 ||| Stepping ~*~*~tactically~*~*~ (hiding).
 23172 | Orc:2    | 23172 ||| Stepping ~*~*~tactically~*~*~ (hiding).
 23208 | Orc:2    | 23208 ||| BUYING 2 potions of cancellation (256 gold).
 23208 | Orc:2    | Bought 2 potions of cancellation for 256 gold pieces
 23208 | Orc:2    | 23208 ||| BUYING 2 potions of curing (96 gold).
 23208 | Orc:2    | Bought 2 potions of curing for 96 gold pieces
 23208 | Orc:2    | 23208 ||| BUYING potion of haste (160 gold).
 23208 | Orc:2    | Bought a potion of haste for 160 gold pieces
 23208 | Orc:2    | 23208 ||| BUYING potion of heal wounds (80 gold).
 23208 | Orc:2    | Bought a potion of heal wounds for 80 gold pieces
 23208 | Orc:2    | 23208 ||| BUYING potion of magic (128 gold).
 23208 | Orc:2    | Bought a potion of magic for 128 gold pieces
 23208 | Orc:2    | 23208 ||| BUYING potion of might (64 gold).
 23208 | Orc:2    | Bought a potion of might for 64 gold pieces
 23217 | Orc:2    | Found Qaulob's Book Boutique.
 23218 | Orc:2    | Found Wissov's General Store.
 23223 | Orc:2    | 23223 ||| BUYING scroll of identify (26 gold).
 23223 | Orc:2    | Bought a scroll of identify for 26 gold pieces
 23223 | Orc:2    | 23223 ||| BUYING scroll of identify (26 gold).
 23223 | Orc:2    | Bought a scroll of identify for 26 gold pieces
 23223 | Orc:2    | 23223 ||| BUYING scroll of identify (26 gold).
 23223 | Orc:2    | Bought a scroll of identify for 26 gold pieces
 23229 | Orc:2    | 23229 ||| BUYING potion of curing (45 gold).
 23229 | Orc:2    | Bought a potion of curing for 45 gold pieces
 23229 | Orc:2    | 23229 ||| BUYING potion of curing (45 gold).
 23229 | Orc:2    | Bought a potion of curing for 45 gold pieces
 23229 | Orc:2    | 23229 ||| BUYING scroll of teleportation (45 gold).
 23229 | Orc:2    | Bought a scroll of teleportation for 45 gold pieces
 23274 | Orc:2    | 23274 ||| Stepping ~*~*~tactically~*~*~ (stealth).
 23299 | Orc:2    | Found a staircase to the Elven Halls.
 23450 | Orc:2    | 23450 ||| INVOKING Heroism.
 23451 | Orc:2    | 23451 ||| INVOKING Finesse.
 23496 | Orc:2    | Noticed Erolcha
 23505 | Orc:2    | Killed Erolcha
 23700 | Orc:2    | Reached skill level 9 in Invocations
 23776 | Orc:2    | 23776 ||| PLANNING SNAKE:1-3
 23776 | Orc:2    | 23776 ||| PLANNING LAIR
 24042 | Lair:5   | 24042 ||| PLANNING SNAKE:1-3
 24118 | Snake:1  | Entered Level 1 of the Snake Pit
 24863 | Snake:1  | 24863 ||| INVOKING Heroism.
 25200 | Snake:2  | 25200 ||| Stepping ~*~*~tactically~*~*~ (hiding).
 25201 | Snake:2  | 25201 ||| Stepping ~*~*~tactically~*~*~ (hiding).
 25318 | Snake:2  | Noticed a nagaraja
 25319 | Snake:2  | 25319 ||| INVOKING Heroism.
 25337 | Snake:2  | Killed a nagaraja
 25608 | Snake:2  | Noticed Asterion
 25609 | Snake:2  | 25609 ||| INVOKING Heroism.
 25631 | Snake:2  | Killed Asterion
 25835 | Snake:2  | 25835 ||| SWAPPING to +1 spectral broad axe.
 25836 | Snake:2  | 25836 ||| DROPPING +2 war axe of venom.
 25938 | Snake:2  | Noticed Nikola
 25939 | Snake:2  | 25939 ||| INVOKING Heroism.
 25948 | Snake:2  | Killed Nikola
 26401 | Snake:2  | Identified Roxanne's Compendium of Stones
 26401 | Snake:2  | Noticed Roxanne
 26402 | Snake:2  | 26402 ||| INVOKING Heroism.
 26414 | Snake:2  | Killed Roxanne
 26449 | Snake:2  | 26449 ||| UPGRADING to +0 helmet of Myitec {Drain rC+
                  | rCorr}.
 26459 | Snake:2  | 26459 ||| DROPPING +1 pair of boots.
 26478 | Snake:3  | 26478 ||| Stepping ~*~*~tactically~*~*~ (hiding).
 26488 | Snake:3  | 26488 ||| Stepping ~*~*~tactically~*~*~ (hiding).
 26536 | Snake:3  | 26536 ||| Stepping ~*~*~tactically~*~*~ (stealth).
 26546 | Snake:3  | 26546 ||| INVOKING Heroism.
 26624 | Snake:3  | 26624 ||| Stepping ~*~*~tactically~*~*~ (stealth).
 26661 | Snake:3  | 26661 ||| Stepping ~*~*~tactically~*~*~ (hiding).
 26669 | Snake:3  | 26669 ||| INVOKING Heroism.
 26778 | Snake:3  | 26778 ||| Stepping ~*~*~tactically~*~*~ (stealth).
 26790 | Snake:3  | 26790 ||| Stepping ~*~*~tactically~*~*~ (hiding).
 26806 | Snake:3  | 26806 ||| Stepping ~*~*~tactically~*~*~ (stealth).
 26890 | Snake:3  | 26890 ||| Stepping ~*~*~tactically~*~*~ (hiding).
 26904 | Snake:3  | Found Zeutu Xi Fuu's Antique Armour Emporium.
 26905 | Snake:3  | Found Xuism's Assorted Antiques.
 26957 | Snake:3  | Found Rastrul's Antique Armour Emporium.
 26961 | Snake:3  | 26961 ||| BUYING runed chain mail (307 gold).
 26961 | Snake:3  | Bought a runed chain mail for 307 gold pieces
 26961 | Snake:3  | 26961 ||| BUYING shiny plate armour (1066 gold).
 26961 | Snake:3  | Bought a shiny plate armour for 1066 gold pieces
 26982 | Snake:3  | 26982 ||| SHOPLISTING tower shield (121 gold, have 111).
 27072 | Snake:3  | 27072 ||| Stepping ~*~*~tactically~*~*~ (hiding).
 27079 | Snake:3  | 27079 ||| INVOKING Heroism.
 27352 | Snake:3  | 27352 ||| Stepping ~*~*~tactically~*~*~ (hiding).
 27353 | Snake:3  | 27353 ||| Stepping ~*~*~tactically~*~*~ (hiding).
 27357 | Snake:3  | 27357 ||| INVOKING Heroism.
 27497 | Snake:3  | 27497 ||| UPGRADING to +1 plate armour of willpower.
 27507 | Snake:3  | 27507 ||| DROPPING +0 plate armour.
 27636 | Snake:4  | Entered Level 4 of the Snake Pit
 27675 | Snake:4  | 27675 ||| INVOKING Heroism.
 27868 | Snake:3  | 27868 ||| PLANNING SHOALS:1-3
 27954 | Shoals:1 | Entered Level 1 of the Shoals
 27954 | Shoals:1 | Found a shimmering blue altar of Sif Muna.
 27955 | Shoals:1 | 27955 ||| INVOKING Heroism.
 28006 | Shoals:1 | Reached XP level 17. HP: 66/108 MP: 24/24
 28006 | Shoals:1 | 28006 ||| INVOKING Heroism.
 28020 | Shoals:1 | Received a gift from Okawaru
 28106 | Shoals:1 | 28106 ||| INVOKING Heroism.
 28297 | Shoals:1 | 28297 ||| INVOKING Heroism.
 28395 | Shoals:1 | Identified the ring "Ykhli" {rPois MP+9 Int+4}
 28424 | Shoals:1 | 28424 ||| READING scroll of enchant armour.
 28424 | Shoals:1 | 28424 ||| ENCHANTING +1 plate armour of willpower.
 28434 | Shoals:1 | Reached skill level 18 in Axes
 28444 | Shoals:1 | Received a gift from Okawaru
 28591 | Shoals:1 | Received a gift from Okawaru
 28596 | Shoals:1 | 28596 ||| INVOKING Heroism.
 29060 | Shoals:1 | 29060 ||| DROPPING +3 chain mail of cold resistance.
 29061 | Shoals:1 | 29061 ||| DROPPING ring "Ykhli" {rPois MP+9 Int+4}.
 29062 | Shoals:1 | 29062 ||| DROPPING ring of positive energy.
 29099 | Shoals:2 | Noticed Ilsuiw
 29100 | Shoals:2 | 29100 ||| INVOKING Heroism.
 29120 | Shoals:2 | HP: 27/109 [water elemental[Ilsuiw] (6)]
 29121 | Shoals:2 | 29121 ||| READING 8 scrolls of teleportation.
 29123 | Shoals:2 | 29123 ||| DRINKING 4 potions of heal wounds.
 29281 | Shoals:2 | 29281 ||| Stepping ~*~*~tactically~*~*~ (hiding).
 29282 | Shoals:2 | 29282 ||| Stepping ~*~*~tactically~*~*~ (hiding).
 29368 | Shoals:2 | Reached skill level 14 in Fighting
 29424 | Shoals:2 | 29424 ||| INVOKING Heroism.
 29485 | Shoals:2 | 29485 ||| INVOKING Heroism.
 29522 | Shoals:2 | Received a gift from Okawaru
 29587 | Shoals:2 | 29587 ||| INVOKING Heroism.
 29612 | Shoals:2 | 29612 ||| Stepping randomly (disturbance).
 29620 | Shoals:2 | 29620 ||| Stepping randomly (disturbance).
 29621 | Shoals:2 | 29621 ||| Stepping randomly (disturbance).
 29622 | Shoals:2 | 29622 ||| Stepping randomly (disturbance).
 29624 | Shoals:2 | 29624 ||| Stepping randomly (disturbance).
 29636 | Shoals:2 | Killed Ilsuiw
 29758 | Shoals:2 | 29758 ||| Stepping ~*~*~tactically~*~*~ (hiding).
 29759 | Shoals:2 | 29759 ||| Stepping ~*~*~tactically~*~*~ (hiding).
 29770 | Shoals:2 | 29770 ||| Stepping ~*~*~tactically~*~*~ (stealth).
 29820 | Shoals:2 | Received a gift from Okawaru
 30048 | Shoals:2 | Noticed Polyphemus
 30049 | Shoals:2 | 30049 ||| INVOKING Heroism.
 30062 | Shoals:2 | Killed Polyphemus
 30279 | Shoals:2 | Noticed Frances
 30280 | Shoals:2 | 30280 ||| INVOKING Heroism.
 30287 | Shoals:2 | Killed Frances
 30430 | Shoals:2 | 30430 ||| DROPPING amulet of the acrobat.
 30453 | Shoals:3 | 30453 ||| INVOKING Heroism.
 30490 | Shoals:3 | 30490 ||| STAIRDANCE
 30552 | Shoals:3 | 30552 ||| INVOKING Heroism.
 30591 | Shoals:3 | Found a transporter.
 30600 | Shoals:3 | 30600 ||| INVOKING Heroism.
 30612 | Shoals:3 | Received a gift from Okawaru
 30707 | Shoals:3 | Found a transporter.
 31046 | Shoals:3 | Reached XP level 18. HP: 117/117 MP: 25/25
 31046 | Shoals:3 | 31046 ||| DROPPING +1 war axe of Spores {flame, Will+
                  | rCorr}.
 31053 | Shoals:3 | 31053 ||| INVOKING Heroism.
 31303 | Shoals:3 | 31303 ||| Stepping ~*~*~tactically~*~*~ (hiding).
 31395 | Shoals:3 | Reached skill level 15 in Fighting
 31507 | Shoals:3 | 31507 ||| INVOKING Heroism.
 31552 | Shoals:3 | 31552 ||| PLANNING SNAKE:4
 31552 | Shoals:3 | 31552 ||| READING scroll labelled CEFOXK JUTUE.
 31552 | Shoals:3 | Identified a scroll of acquirement
 31552 | Shoals:3 | 31552 ||| READING 15 scrolls of identify.
 31552 | Shoals:3 | 31552 ||| IDENTIFYING fuming golden potion
 31553 | Shoals:3 | 31553 ||| DROPPING potion of berserk rage.
 31686 | Snake:4  | 31686 ||| READING scroll of acquirement.
 31686 | Snake:4  | 31686 ||| ACQUIRING 972 gold pieces
 31686 | Snake:4  | Acquired 972 gold pieces
 31755 | Snake:4  | 31755 ||| Stepping ~*~*~tactically~*~*~ (hiding).
 31795 | Snake:4  | Identified the +9 war axe "Fish" {heavy, Int+4 SInv}
 32344 | Snake:4  | 32344 ||| INVOKING Heroism.
 32349 | Snake:4  | Received a gift from Okawaru
 32381 | Snake:4  | Received a gift from Okawaru
 32444 | Snake:4  | 32444 ||| Stepping ~*~*~tactically~*~*~ (stealth).
 32446 | Snake:4  | 32446 ||| Stepping ~*~*~tactically~*~*~ (hiding).
 32453 | Snake:4  | 32453 ||| INVOKING Heroism.
 32472 | Snake:4  | Received a gift from Okawaru
 32473 | Snake:4  | 32473 ||| Stepping ~*~*~tactically~*~*~ (hiding).
 32493 | Snake:4  | Reached skill level 15 in Armour
 32493 | Snake:4  | 32493 ||| Stepping ~*~*~tactically~*~*~ (hiding).
 32505 | Snake:4  | 32505 ||| Stepping ~*~*~tactically~*~*~ (hiding).
 32515 | Snake:4  | 32515 ||| INVOKING Heroism.
 32548 | Snake:4  | 32548 ||| Stepping ~*~*~tactically~*~*~ (stealth).
 32551 | Snake:4  | 32551 ||| Stepping ~*~*~tactically~*~*~ (stealth).
 32554 | Snake:4  | 32554 ||| Stepping ~*~*~tactically~*~*~ (stealth).
 32556 | Snake:4  | 32556 ||| Stepping ~*~*~tactically~*~*~ (stealth).
 32579 | Snake:4  | 32579 ||| INVOKING Heroism.
 32580 | Snake:4  | Noticed Vashnia
 32592 | Snake:4  | Killed Vashnia
 32604 | Snake:4  | 32604 ||| Stepping ~*~*~tactically~*~*~ (hiding).
 32630 | Snake:4  | 32630 ||| INVOKING Heroism.
 32845 | Snake:4  | Got a serpentine rune of Zot
 32935 | Snake:4  | 32935 ||| Stepping ~*~*~tactically~*~*~ (hiding).
 32937 | Snake:4  | 32937 ||| INVOKING Heroism.
 32947 | Snake:4  | Reached skill level 9 in Throwing
 33206 | Snake:4  | 33206 ||| PLANNING VAULTS:1-4
 33206 | Snake:4  | 33206 ||| DROPPING +2 pair of gloves.
 33394 | D:11     | 33394 ||| INVOKING Heroism.
 33562 | Vaults:1 | Entered Level 1 of the Vaults
 33572 | Vaults:1 | Reached skill level 15 in Shields
 33599 | Vaults:1 | 33599 ||| Stepping ~*~*~tactically~*~*~ (hiding).
 33620 | Vaults:1 | 33620 ||| INVOKING Heroism.
 33798 | Vaults:1 | 33798 ||| INVOKING Heroism.
 33818 | Vaults:1 | Received a gift from Okawaru
 33824 | Vaults:1 | Reached skill level 16 in Fighting
 33826 | Vaults:1 | 33826 ||| INVOKING Heroism.
 33838 | Vaults:1 | Received a gift from Okawaru
 34081 | Vaults:1 | Noticed Donald
 34082 | Vaults:1 | 34082 ||| INVOKING Heroism.
 34094 | Vaults:1 | Killed Donald
 34225 | Vaults:1 | 34225 ||| Stepping ~*~*~tactically~*~*~ (stealth).
 34234 | Vaults:1 | 34234 ||| DRINKING 18 potions of curing.
 34234 | Vaults:1 | 34234 ||| (to cure confusion)
 34240 | Vaults:1 | 34240 ||| INVOKING Heroism.
 34407 | Vaults:1 | Reached XP level 19. HP: 93/125 MP: 26/26
 34414 | Vaults:1 | 34414 ||| Stepping ~*~*~tactically~*~*~ (stealth).
 34421 | Vaults:1 | 34421 ||| INVOKING Heroism.
 34610 | Vaults:1 | 34610 ||| INVOKING Heroism.
 34685 | Vaults:1 | Identified the +0 ring mail of Lecy {Rampage rF++ Will-
                  | Stlth+}
 34759 | Vaults:1 | Reached skill level 17 in Fighting
 34796 | Vaults:1 | 34796 ||| Stepping ~*~*~tactically~*~*~ (stealth).
 34797 | Vaults:1 | 34797 ||| Stepping ~*~*~tactically~*~*~ (stealth).
 34933 | Vaults:1 | 34933 ||| Stepping ~*~*~tactically~*~*~ (hiding).
 34940 | Vaults:1 | Received a gift from Okawaru
 35307 | Vaults:1 | 35307 ||| Stepping ~*~*~tactically~*~*~ (stealth).
 35432 | Vaults:1 | 35432 ||| DROPPING amulet of faith.
 35443 | Vaults:1 | 35443 ||| Stepping randomly (stuck).
 35599 | Vaults:2 | 35599 ||| Stepping ~*~*~tactically~*~*~ (hiding).
 35600 | Vaults:2 | 35600 ||| Stepping ~*~*~tactically~*~*~ (hiding).
 35602 | Vaults:2 | 35602 ||| Stepping ~*~*~tactically~*~*~ (hiding).
 35603 | Vaults:2 | 35603 ||| Stepping ~*~*~tactically~*~*~ (hiding).
 35699 | Vaults:2 | Received a gift from Okawaru
 35943 | Vaults:2 | 35943 ||| Stepping ~*~*~tactically~*~*~ (hiding).
 35948 | Vaults:2 | 35948 ||| INVOKING Heroism.
 35949 | Vaults:2 | 35949 ||| INVOKING Finesse.
 36144 | Vaults:2 | 36144 ||| Stepping ~*~*~tactically~*~*~ (hiding).
 36150 | Vaults:2 | Received a gift from Okawaru
 36183 | Vaults:2 | 36183 ||| Stepping ~*~*~tactically~*~*~ (hiding).
 36184 | Vaults:2 | 36184 ||| Stepping ~*~*~tactically~*~*~ (hiding).
 36185 | Vaults:2 | 36185 ||| Stepping ~*~*~tactically~*~*~ (hiding).
 36186 | Vaults:2 | 36186 ||| Stepping ~*~*~tactically~*~*~ (hiding).
 36215 | Vaults:2 | 36215 ||| Stepping ~*~*~tactically~*~*~ (stealth).
 36262 | Vaults:2 | 36262 ||| Stepping ~*~*~tactically~*~*~ (hiding).
 36266 | Vaults:2 | 36266 ||| Stepping ~*~*~tactically~*~*~ (hiding).
 36273 | Vaults:2 | 36273 ||| Stepping ~*~*~tactically~*~*~ (hiding).
 36275 | Vaults:2 | 36275 ||| Stepping ~*~*~tactically~*~*~ (hiding).
 36382 | Vaults:2 | 36382 ||| DROPPING +1 chain mail of positive energy.
 36656 | Vaults:2 | 36656 ||| INVOKING Heroism.
 36704 | Vaults:2 | 36704 ||| Stepping ~*~*~tactically~*~*~ (stealth).
 36705 | Vaults:2 | 36705 ||| Stepping ~*~*~tactically~*~*~ (stealth).
 36706 | Vaults:2 | 36706 ||| Stepping ~*~*~tactically~*~*~ (stealth).
 36708 | Vaults:2 | 36708 ||| Stepping ~*~*~tactically~*~*~ (stealth).
 36733 | Vaults:2 | 36733 ||| Stepping ~*~*~tactically~*~*~ (stealth).
 36761 | Vaults:2 | 36761 ||| Stepping ~*~*~tactically~*~*~ (stealth).
 36779 | Vaults:2 | 36779 ||| Stepping ~*~*~tactically~*~*~ (hiding).
 36780 | Vaults:2 | 36780 ||| Stepping ~*~*~tactically~*~*~ (hiding).
 36782 | Vaults:2 | 36782 ||| Stepping ~*~*~tactically~*~*~ (hiding).
 36784 | Vaults:2 | 36784 ||| Stepping ~*~*~tactically~*~*~ (hiding).
 36785 | Vaults:2 | 36785 ||| Stepping ~*~*~tactically~*~*~ (hiding).
 36895 | Vaults:2 | 36895 ||| Stepping ~*~*~tactically~*~*~ (stealth).
 36905 | Vaults:2 | 36905 ||| INVOKING Heroism.
 37140 | Vaults:2 | 37140 ||| Stepping ~*~*~tactically~*~*~ (hiding).
 37141 | Vaults:2 | 37141 ||| Stepping ~*~*~tactically~*~*~ (hiding).
 37142 | Vaults:2 | 37142 ||| Stepping ~*~*~tactically~*~*~ (hiding).
 37250 | Vaults:2 | 37250 ||| Stepping ~*~*~tactically~*~*~ (stealth).
 37262 | Vaults:2 | 37262 ||| INVOKING Heroism.
 37665 | Vaults:2 | 37665 ||| Stepping ~*~*~tactically~*~*~ (hiding).
 37666 | Vaults:2 | 37666 ||| Stepping ~*~*~tactically~*~*~ (hiding).
 37667 | Vaults:2 | 37667 ||| Stepping ~*~*~tactically~*~*~ (hiding).
 37668 | Vaults:2 | 37668 ||| Stepping ~*~*~tactically~*~*~ (hiding).
 37687 | Vaults:2 | Reached XP level 20. HP: 127/136 MP: 27/27
 37700 | Vaults:2 | Reached skill level 18 in Fighting
 38034 | Vaults:2 | 38034 ||| DROPPING ring of fire.
 38044 | Vaults:3 | 38044 ||| Stepping ~*~*~tactically~*~*~ (stealth).
 38047 | Vaults:3 | 38047 ||| Stepping ~*~*~tactically~*~*~ (stealth).
 38049 | Vaults:3 | 38049 ||| Stepping ~*~*~tactically~*~*~ (stealth).
 38060 | Vaults:3 | Identified the +1 robe of the Untouchables {Dex+5} (Okawaru
                  | gifted it to you on level 3 of the Vaults)
 38060 | Vaults:3 | Received a gift from Okawaru
 38118 | Vaults:3 | 38118 ||| Stepping ~*~*~tactically~*~*~ (hiding).
 38120 | Vaults:3 | 38120 ||| Stepping ~*~*~tactically~*~*~ (hiding).
 38122 | Vaults:3 | 38122 ||| Stepping ~*~*~tactically~*~*~ (hiding).
 38228 | Vaults:3 | 38228 ||| Stepping ~*~*~tactically~*~*~ (hiding).
 38230 | Vaults:3 | 38230 ||| Stepping ~*~*~tactically~*~*~ (hiding).
 38325 | Vaults:3 | 38325 ||| Stepping ~*~*~tactically~*~*~ (stealth).
 38480 | Vaults:3 | 38480 ||| Stepping ~*~*~tactically~*~*~ (stealth).
 38516 | Vaults:3 | 38516 ||| Stepping ~*~*~tactically~*~*~ (stealth).
 38563 | Vaults:3 | 38563 ||| INVOKING Heroism.
 38571 | Vaults:3 | Reached skill level 18 in Armour
 38863 | Vaults:3 | 38863 ||| INVOKING Heroism.
 39088 | Vaults:3 | Found a staircase to the Crypt.
 39141 | Vaults:3 | 39141 ||| Stepping ~*~*~tactically~*~*~ (hiding).
 39264 | Vaults:3 | 39264 ||| Stepping ~*~*~tactically~*~*~ (hiding).
 39347 | Vaults:3 | Noticed Saint Roka
 39350 | Vaults:3 | 39350 ||| INVOKING Heroism.
 39360 | Vaults:3 | HP: 34/136 [ironbound thunderhulk/bolt of lightning[a vault
                  | warden] (12)]
 39361 | Vaults:3 | 39361 ||| READING 11 scrolls of teleportation.
 39362 | Vaults:3 | 39362 ||| DRINKING 6 potions of heal wounds.
 39773 | Vaults:3 | 39773 ||| INVOKING Heroism.
 39788 | Vaults:3 | Killed Saint Roka
 39797 | Vaults:3 | 39797 ||| Stepping ~*~*~tactically~*~*~ (stealth).
 39800 | Vaults:3 | HP: 31/135 [smoke demon/divine providence[Saint Roka] (14)]
 39801 | Vaults:3 | 39801 ||| READING 10 scrolls of teleportation.
 39801 | Vaults:3 | HP: 8/135 [orc sorcerer/bolt of fire[Saint Roka] (24)]
 39802 | Vaults:3 | 39802 ||| DRINKING 5 potions of heal wounds.
 39803 | Vaults:3 | 39803 ||| DRINKING 4 potions of heal wounds.
 40065 | Vaults:3 | 40065 ||| Stepping ~*~*~tactically~*~*~ (stealth).
 40072 | Vaults:3 | 40072 ||| INVOKING Heroism.
 40292 | Vaults:3 | 40292 ||| Stepping ~*~*~tactically~*~*~ (hiding).
 40317 | Vaults:3 | 40317 ||| INVOKING Heroism.
 40320 | Vaults:3 | 40320 ||| Stepping ~*~*~tactically~*~*~ (hiding).
 40546 | Vaults:3 | Identified the +2 arbalest "Ciynou" {drain, rElec rC+ Str-5
                  | Dex+8}
 40815 | Vaults:4 | Received a gift from Okawaru
 40865 | Vaults:4 | Reached skill level 19 in Fighting
 40876 | Vaults:4 | 40876 ||| Stepping ~*~*~tactically~*~*~ (hiding).
 40882 | Vaults:4 | 40882 ||| INVOKING Heroism.
 41129 | Vaults:4 | Noticed Zenata
 41130 | Vaults:4 | 41130 ||| INVOKING Heroism.
 41142 | Vaults:4 | Killed Zenata
 41149 | Vaults:4 | 41149 ||| Stepping ~*~*~tactically~*~*~ (stealth).
 41236 | Vaults:4 | 41236 ||| Stepping ~*~*~tactically~*~*~ (stealth).
 41245 | Vaults:4 | 41245 ||| Stepping ~*~*~tactically~*~*~ (stealth).
 41251 | Vaults:4 | 41251 ||| Stepping ~*~*~tactically~*~*~ (hiding).
 41538 | Vaults:4 | 41538 ||| Stepping ~*~*~tactically~*~*~ (stealth).
 41808 | Vaults:4 | 41808 ||| Stepping ~*~*~tactically~*~*~ (hiding).
 41809 | Vaults:4 | 41809 ||| Stepping ~*~*~tactically~*~*~ (hiding).
 41812 | Vaults:4 | Received a gift from Okawaru
 41826 | Vaults:4 | 41826 ||| INVOKING Heroism.
 42034 | Vaults:4 | 42034 ||| Stepping ~*~*~tactically~*~*~ (stealth).
 42040 | Vaults:4 | 42040 ||| INVOKING Heroism.
 42096 | Vaults:4 | 42096 ||| Stepping ~*~*~tactically~*~*~ (hiding).
 42103 | Vaults:4 | Reached XP level 21. HP: 144/144 MP: 28/28
 42443 | Vaults:4 | Reached skill level 6 in Dodging
 42545 | Vaults:4 | 42545 ||| READING scroll of enchant weapon.
 42545 | Vaults:4 | 42545 ||| ENCHANTING +1 spectral broad axe.
 42624 | Vaults:4 | 42624 ||| Stepping ~*~*~tactically~*~*~ (hiding).
 42625 | Vaults:4 | 42625 ||| Stepping ~*~*~tactically~*~*~ (hiding).
 42696 | Vaults:4 | 42696 ||| Stepping ~*~*~tactically~*~*~ (stealth).
 42698 | Vaults:4 | 42698 ||| Stepping ~*~*~tactically~*~*~ (stealth).
 42733 | Vaults:4 | 42733 ||| Stepping ~*~*~tactically~*~*~ (hiding).
 42734 | Vaults:4 | 42734 ||| Stepping ~*~*~tactically~*~*~ (hiding).
 42761 | Vaults:4 | 42761 ||| Stepping ~*~*~tactically~*~*~ (hiding).
 42907 | Vaults:4 | 42907 ||| PLANNING VAULTS RUNE
 42907 | Vaults:4 | 42907 ||| DROPPING +1 helmet.
 42978 | Vaults:5 | Entered Level 5 of the Vaults
 42979 | Vaults:5 | Upgraded the game from 0.30.0-10-gfe55d96785 to
                  | 0.30.0-15-g856e2d3f33
 42979 | Vaults:5 | 42979 ||| PLANNING VAULTS RUNE
 42982 | Vaults:5 | 42982 ||| INVOKING Heroism.
 42994 | Vaults:5 | Received a gift from Okawaru
 42996 | Vaults:5 | 42996 ||| INVOKING Finesse.
 42997 | Vaults:5 | HP: 29/144 [vault guard/+0 great sword (10)]
 42998 | Vaults:5 | 42998 ||| STAIRDANCE
 43000 | Vaults:4 | 43000 ||| READING 9 scrolls of teleportation.
 43001 | Vaults:4 | 43001 ||| DRINKING 3 potions of heal wounds.
 43249 | Vaults:5 | Noticed a dread lich
 43250 | Vaults:5 | 43250 ||| INVOKING Heroism.
 43251 | Vaults:5 | 43251 ||| INVOKING Finesse.
 43267 | Vaults:5 | Noticed a golden dragon
 43267 | Vaults:5 | Paralysed by something for 2 turns
 43270 | Vaults:5 | Killed a dread lich
 43270 | Vaults:5 | Received a gift from Okawaru
 43271 | Vaults:5 | Reached skill level 20 in Fighting
 43275 | Vaults:5 | Received a gift from Okawaru
 43281 | Vaults:5 | 43281 ||| DRINKING 21 potions of curing.
 43281 | Vaults:5 | 43281 ||| (to cure confusion)
 43281 | Vaults:5 | Identified the +2 troll leather armour "Rukoshua" {rF+
                  | Regen+ Int+4}
 43284 | Vaults:5 | Noticed a golden dragon
 43288 | Vaults:5 | Killed a golden dragon
 43291 | Vaults:5 | HP: 36/146 [storm dragon (1)]
 43292 | Vaults:5 | 43292 ||| READING 8 scrolls of teleportation.
 43293 | Vaults:5 | 43293 ||| DRINKING 2 potions of heal wounds.
 43303 | Vaults:5 | Received a gift from Okawaru
 43329 | Vaults:5 | 43329 ||| INVOKING Finesse.
 43333 | Vaults:5 | HP: 20/146 [shadow dragon (20)]
 43333 | Vaults:5 | HP: 4/146 [shadow dragon (16)]
 43334 | Vaults:5 | 43334 ||| READING 7 scrolls of teleportation.
 43334 | Vaults:5 | Mangled by a vault guard

Levels and vault maps discovered:
D:1:      saegor_arrival_miasma, layout_loops_corners, serial_aquarium,
          aquarium_bridge_long_joined [aquarium_subvault_wall,
          aquarium_subvault_wall, aquarium_subvault_bridge,
          aquarium_subvault_wall, aquarium_subvault_wall,
          aquarium_subvault_wall], aquarium_bridge_straight
          [aquarium_subvault_bridge, aquarium_subvault_wall,
          aquarium_subvault_bridge, aquarium_subvault_window],
          aquarium_window_3, aquarium_window_fake, aquarium_window_fake,
          aquarium_view_2e
D:2:      layout_basic, basic_altar
D:3:      minmay_recursive_quarters, layout_basic,
          ebering_ecumenical_altar_petrified, serial_shops, shop
D:4:      layout_basic, grunt_qazlal_clouds
D:5:      layout_basic, minmay_temple_entry_mini_moons
D:6:      kennysheep_slugbush, layout_cave_pools, serial_shops,
          nicolae_shop_behind_doors, serial_demonic, serial_demonic_d,
          serial_demonic_c, serial_demonic_g, serial_demonic_f,
          gup_sewer_entry_glass, roderic_nine_men_s_morris, uniq_menkaure
D:7:      layout_basic, grunt_temple_overflow_open
D:8:      layout_cave_pools, lair_entry_dummy, serial_shops, nicolae_shop_trees,
          serial_rivers, chequers_serial_rivers_micro_d,
          chequers_serial_rivers_small_3, chequers_serial_rivers_micro_a,
          chequers_serial_rivers_micro_c, chequers_serial_rivers_small_b,
          chequers_serial_rivers_large_a, nicolae_shop_firing_range
D:9:      layout_cave_pools, grunt_temple_overflow_gold_and_silver,
          lemuel_doored_altar, serial_bayou_lake_a
D:10:     layout_grid_maze, mainiacjoe_overflow_alcove_4
D:11:     layout_basic, david_orc_3, serial_glass, glass_columns_b,
          glass_columns_b, gauntlet_entry_generic
D:12:     layout_stronghold, uniq_kirke
D:13:     layout_basic, enter_trove_6, nicolae_hepliaklqana_monster_ancestors
D:14:     layout_basic, hangedman_vaults_entry_quadrant_bands, fountainhead
D:15:     hangedman_depths_entry_try_elsewhere_first, layout_rooms,
          gammafunk_ghost_grave
Temple:   nicolae_temple_bog_church
Lair:1:   layout_regular_city, uniq_gastronok
Lair:2:   layout_loops_ring, minmay_shoals_entry_beasts
Lair:3:   layout_hall_layers, dummy_snake_entry, serial_bayou_shore_b
Lair:4:   nzn_winding_woodlands_stair_trap [nzn_winding_woodlands_5x15_default,
          nzn_winding_woodlands_5x15_pool,
          nzn_winding_woodlands_5x15_concentric,
          nzn_winding_woodlands_15x15_boxy_spiral,
          nzn_winding_woodlands_5x15_sawtooth,
          nzn_winding_woodlands_5x15_crooked,
          nzn_winding_woodlands_5x15_pockets], layout_misc_corridors,
          nicolae_slime_entry_field_trip
Lair:5:   gammafunk_lair_ancient_temple, layout_regular_city,
          chequers_serial_rivers_micro_b, uniq_josephine
Shoals:1: layout_shoals, lemuel_oklob_altar
Shoals:2: layout_shoals, uniq_ilsuiw, uniq_polyphemus, uniq_frances
Shoals:3: gammafunk_sealed_arena, layout_shoals
Snake:1:  layout_chambers, serial_bayou_shore_b
Snake:2:  layout_cave_pods, uniq_asterion, uniq_roxanne, uniq_nikola
Snake:3:  layout_misc_corridors, st_stairs_3, grunt_ministairs_5,
          statue_in_the_mist_lemuel, nicolae_wooded_promenade
Snake:4:  grunt_snake_rune_serpentine_throne, layout_chambers,
          grunt_megastairs_5
Orc:1:    layout_diamond_mine
Orc:2:    st_orc_open, layout_caves, nicolae_orc_damp_corner, uniq_erolcha
Vaults:1: nicolae_vaults_windows_and_doors_thing, nicolae_vaults_tetromino_T_2,
          nicolae_vaults_weapon_check, nicolae_vaults_storage_room_statues,
          nicolae_vaults_circle_grid_b, nicolae_vaults_big_ls,
          vaults_room_corners, nicolae_vaults_yaktaur_gun_rack,
          grunt_vaults_hallway_long, st_lattice, vaults_standard_mumra_x,
          nicolae_vaults_double_plus_1, layout_vaults_maze_bifur, uniq_donald
Vaults:2: nicolae_vaults_wrenched, nicolae_vaults_antechamber_and_loot_room,
          nicolae_vaults_closet_pinwheel_2, hangedman_vaults_river_flow,
          nicolae_vaults_tetromino_T_2, v_misc_18, v_misc_25,
          nicolae_vaults_storage_closets_3, nicolae_vaults_variable_pillar_hall,
          nicolae_vaults_house_1, vaults_room_corners,
          nicolae_vaults_trapezoid_lopsided_1, vaults_dpeg_spiral,
          ontoclasm_vaults_hangar, layout_vaults_omnicross
Vaults:3: v_alt_pattern_2, blue_anna_dwarven_crypt,
          nicolae_vaults_closet_pinwheel_5, nicolae_vaults_network_square,
          nicolae_vaults_know_your_exits, vaults_room_pools, v_misc_13,
          nicolae_vaults_border_crossing, v_misc_30, v_misc_28,
          nicolae_vaults_storage_room_water, nicolae_vaults_house_2,
          layout_vaults_big_room, serial_shops, uniq_saint_roka
Vaults:4: v_misc_27, nicolae_vaults_double_plus_2, v_misc_30,
          hangedman_vaults_unwind, nicolae_vaults_shipping_containers_5,
          v_misc_2, grunt_vaults_focal, vaults_standard_mumra_enter_the_diamond,
          grunt_vaults_twisty, v_misc_25, grunt_vaults_hallway_short,
          layout_vaults_ring, uniq_zenata
Vaults:5: serial_shops

Skill      XL: |  1  2  3  4  5  6  7  8  9 10 11 12 13 14 15 16 17 18 19 20 21 |
---------------+----------------------------------------------------------------+-----
Axes           | 3 4 5 7 8 10 11 13 15 16 17 18 | 18.0
Armour         | 1 2 3 4 6 7 8 9 11 12 13 14 16 17 18 19 | 19.6
Fighting       | 4 5 6 8 9 10 11 12 13 14 16 17 19 20 | 20.0
Dodging        | 1 2 3 4 5 6 |  6.1
Throwing       | 1 2 6 7 9 10 11 | 11.0
Shields        | 3 10 11 12 13 14 15 16 17 | 17.4
Invocations    | 4 7 10 | 10.0
Spellcasting   | |  1.0
Fire Magic     | |  3.0

Action                     |  1- 3 |  4- 6 |  7- 9 | 10-12 | 13-15 | 16-18 | 19-21 || total
---------------------------+-------+-------+-------+-------+-------+-------+-------++-------
  Melee: Hand axe          |   127 |   166 |   172 |     8 |     9 |       |       ||   482
         Punch             |     1 |     2 |     1 |       |       |       |       ||     4
         War axe           |       |       |   180 |   487 |  1172 |   173 |       ||  2012
         Unarmed           |       |       |       |       |     9 |       |       ||     9
         Broad axe         |       |       |       |       |       |   857 |   869 ||  1726
  Throw: Boomerang         |       |     3 |    10 |    30 |     4 |    40 |    32 ||   119
         Javelin           |       |       |       |     7 |    93 |    94 |   159 ||   353
 Invoke: Fiery Armour      |       |     3 |     2 |     7 |       |       |       ||    12
         Heroism           |       |       |       |       |    19 |    40 |    18 ||    77
         Finesse           |       |       |       |       |       |     1 |     4 ||     5
    Use: Scroll            |     8 |     5 |    13 |     4 |     9 |     4 |     6 ||    49
         Potion            |     1 |     1 |     3 |     4 |     7 |     2 |     6 ||    24
   Stab: Distracted        |       |       |       |       |       |    25 |    14 ||    39
         Petrified         |       |       |       |       |       |     2 |       ||     2
         Petrifying        |       |       |       |       |       |     1 |       ||     1
 Armour: Robe              |    18 |       |       |       |       |       |       ||    18
         Chain mail        |    63 |    96 |   268 |   191 |   150 |       |       ||   768
         Plate armour      |       |       |       |       |   298 |   344 |   254 ||   896
  Dodge: Dodged            |    44 |    60 |   120 |   188 |   307 |   263 |   211 ||  1193
  Block: Other             |       |       |    57 |    25 |     1 |       |       ||    83
         Reflection        |       |       |     4 |     5 |    42 |    96 |    71 ||   218
         Kite shield       |       |       |       |   339 |   877 |   785 |   529 ||  2530

Table legend:
 A = Non-vault XP
 B = Vault XP
 C = Vault XP percentage of total XP
 D = Non-vault monster count
 E = Vault monster count
 F = Vault count percentage of total count
                 A         B        C        D         E       F
            +---------+---------+-------+---------+---------+-------
      Total |  314848 |  259270 |  45.2 |     849 |     426 |  33.4
            +---------+---------+-------+---------+---------+-------
        D:1 |      24 |       0 |   0.0 |      14 |       0 |   0.0
        D:2 |      47 |       0 |   0.0 |      24 |       0 |   0.0
        D:3 |      98 |       9 |   8.4 |      24 |       5 |  17.2
        D:4 |     489 |       0 |   0.0 |      22 |       0 |   0.0
        D:5 |     459 |       0 |   0.0 |      16 |       0 |   0.0
        D:6 |     355 |     268 |  43.0 |       9 |      18 |  66.7
        D:7 |    1407 |       0 |   0.0 |      20 |       0 |   0.0
        D:8 |    1016 |       0 |   0.0 |      16 |       0 |   0.0
        D:9 |    4356 |       0 |   0.0 |      38 |       0 |   0.0
       D:10 |    1476 |       0 |   0.0 |      16 |       0 |   0.0
       D:11 |    7201 |     142 |   1.9 |      34 |       5 |  12.8
       D:12 |    5941 |    2412 |  28.9 |      17 |       6 |  26.1
       D:13 |   11574 |       4 |   0.0 |      19 |       2 |   9.5
       D:14 |    7727 |    6837 |  46.9 |      15 |      19 |  55.9
       D:15 |   17443 |    2707 |  13.4 |      36 |       4 |  10.0
     Lair:1 |    3511 |    1471 |  29.5 |      16 |       1 |   5.9
     Lair:2 |    1904 |     803 |  29.7 |      10 |       2 |  16.7
     Lair:3 |   12285 |       0 |   0.0 |      37 |       0 |   0.0
     Lair:4 |    3444 |    6021 |  63.6 |       6 |      22 |  78.6
     Lair:5 |    5951 |    9633 |  61.8 |      18 |      24 |  57.1
   Shoals:1 |   16367 |     587 |   3.5 |      35 |       1 |   2.8
   Shoals:2 |   20219 |   11041 |  35.3 |      42 |      12 |  22.2
   Shoals:3 |   21101 |       0 |   0.0 |      42 |       0 |   0.0
    Snake:1 |    3078 |       0 |   0.0 |       5 |       0 |   0.0
    Snake:2 |    6217 |    5294 |  46.0 |      12 |       3 |  20.0
    Snake:3 |   17417 |    1495 |   7.9 |      32 |       5 |  13.5
    Snake:4 |    6741 |   31342 |  82.3 |      11 |      44 |  80.0
      Orc:1 |    1992 |       0 |   0.0 |      26 |       0 |   0.0
      Orc:2 |    3004 |   15735 |  84.0 |      36 |      38 |  51.4
   Vaults:1 |   32321 |   27619 |  46.1 |      50 |      34 |  40.5
   Vaults:2 |   38746 |   23814 |  38.1 |      59 |      30 |  33.7
   Vaults:3 |   22771 |   27075 |  54.3 |      34 |      43 |  55.8
   Vaults:4 |   32098 |   30153 |  48.4 |      49 |      37 |  43.0
   Vaults:5 |    6068 |   51080 |  89.4 |       9 |      46 |  83.6
      Sewer |       0 |      84 | 100.0 |       0 |      12 | 100.0
   Gauntlet |       0 |    3644 | 100.0 |       0 |      13 | 100.0
            +---------+---------+-------+---------+---------+-------
